 Dungeon Crawl Stone Soup version 0.27-a0-380-g150de4c316 (webtiles) character file.

Game seed: 4913105911435867111

120656 sahdkjhfkaj the Brawler (level 16, 0/217 HPs)
             Began as an Ogre Transmuter on Feb 17, 2021.
             Was an Initiate of Gozag.
             Slain by a jumping spider (19 damage)
             ... on level 1 of the Spider Nest.
             The game lasted 00:52:50 (40772 turns).

sahdkjhfkaj the Brawler (Ogre Transmuter)          Turns: 40772, Time: 00:52:51

Health: 0/217      AC: 26    Str: 18      XL:     16   Next: 82%
Magic:  0/30       EV: 11    Int: 20 (21) God:    Gozag
Gold:   4074       SH:  0    Dex:  9      Spells: 5/35 levels left

rFire    + . .     SeeInvis +     - Unarmed
rCold    + + .     Faith    .   (no shield)
rNeg     + . .     Spirit   +   (armour currently unavailable)
rPois    ∞         Reflect  .   (helmet restricted)
rElec    +         Harm     .   Q - scarf {rC+ rF+}
rCorr    .         Rampage  .   (gloves unavailable)
Will     +....                  (boots unavailable)
Stlth    +.........             O - amulet of guardian spirit
HPRegen  0.46/turn              i - ring of see invisible
MPRegen  0.22/turn              Z - ring "Faimam" {Wiz rPois rC+ Int+2}

@: statue-form, gold aura, very slow
A: large, unfitting armour
a: End Transformation, Renounce Religion, Potion Petition, Call Merchant, Bribe
Branch


You were on level 1 of the Spider Nest.
You worshipped Gozag.
Gozag was most pleased with you.
You were a stone statue.
You visited 5 branches of the dungeon, and saw 25 of its levels.

You collected 10169 gold pieces.
You spent 3538 gold pieces at shops.
You paid 2557 gold pieces to Gozag.

Inventory:

Missiles
 J - 5 curare-tipped darts
Armour
 p - a +2 robe of willpower (melded)
 Q - a scarf of resistance (worn)
Jewellery
 i - a ring of see invisible (left hand)
 n - a ring of positive energy
 r - a ring of resist corrosion
 x - a ring of magical power
 H - a ring of protection from fire
 K - a +6 ring of strength
 O - an amulet of guardian spirit (around neck)
 U - a ring of flight
 V - a ring of poison resistance {unknown}
 Z - the ring "Faimam" (right hand) {Wiz rPois rC+ Int+2}
   (You bought it in a shop on level 4 of the Lair of Beasts)

   [ring of wizardry]

   It improves your spell success rate.
   It affects your intelligence (+2).
   It protects you from cold.
   It protects you from poison.
Wands
 c - a wand of polymorph (16)
 o - a wand of iceblast (26) {@v4}
 s - a wand of acid (43) {@v2}
 A - a wand of paralysis (22)
 D - a wand of charming (6)
 L - a wand of flame (15)
Scrolls
 a - 2 scrolls of immolation
 b - 2 scrolls of enchant armour
 e - 14 scrolls of teleportation {@r3}
 g - 2 scrolls of fear
 k - 5 scrolls of fog
 m - 2 scrolls of enchant weapon
 w - a scroll of holy word {unknown}
 y - 5 scrolls of magic mapping
 z - 4 scrolls of amnesia
 C - 2 scrolls of silence
 G - a scroll of torment
 I - 2 scrolls of vulnerability
 N - a scroll of summoning
 X - 2 scrolls of identify {@r1}
Potions
 d - 2 potions of berserk rage
 f - a potion of might {unknown}
 h - 5 potions of attraction {unknown}
 j - 2 potions of mutation {unknown}
 q - 7 potions of ambrosia
 u - 7 potions of heal wounds {@q2}
 v - 3 potions of haste {@q3}
 B - 4 potions of curing {@q1}
 E - a potion of brilliance {unknown}
 F - 4 potions of magic
 M - 3 potions of resistance {@q6}
 S - 2 potions of flight {unknown}
 T - a potion of invisibility {unknown}
 W - a potion of lignification {unknown}
Miscellaneous
 P - a tin of tremorstones (2/2)
 R - a phantom mirror
 Y - a condenser vane


   Skills:
 - Level 12.5 Fighting
 - Level 6.0 Dodging
 - Level 16.0 Unarmed Combat
 - Level 10.0 Spellcasting
 - Level 12.0 Transmutations
 - Level 3.0 Ice Magic
 - Level 11.0 Earth Magic
 - Level 5.0 Poison Magic
 + Level 4.8 Evocations


You had 5 spell levels left.
You knew the following spells:

 Your Spells              Type           Power        Failure   Level
a - Beastly Appendage     Tmut           100%         1%          1
b - Petrify               Tmut/Erth      54%          1%          4
c - Statue Form           Tmut/Erth      36%          4%          6
d - Dragon Form           Tmut           27%          16%         7
i - Ice Form              Ice/Tmut       40%          1%          4
s - Spider Form           Tmut/Pois      22%          1%          3
z - Blade Hands           Tmut           27%          1%          5

Your spell library contained the following spells:

 Spells                   Type           Power        Failure   Level
 Poisonous Vapours        Pois/Air       40%          1%          2
 Wereblood                Tmut           55%          1%          2
 Animate Skeleton         Necr           20%          2%          1
 Apportation              Tloc           20%          2%          1
 Corona                   Hex            11%          2%          1
 Foxfire                  Conj/Fire      40%          2%          1
 Summon Small Mammal      Summ           40%          2%          1
 Ensorcelled Hibernation  Hex/Ice        32%          2%          2
 Animate Armour           Summ/Erth      64%          2%          4
 Leda's Liquefaction      Hex/Erth       16%          2%          4
 Mephitic Cloud           Conj/Pois/Air  16%          4%          3
 Yara's Violent Unravell  Hex/Tmut       17%          6%          5
 Confusing Touch          Hex            10%          9%          3
 Conjure Flame            Conj/Fire      10%          9%          3
 Gell's Gravitas          Tloc           5%           9%          3
 Borgnjor's Vile Clutch   Necr/Erth      16%          9%          5
 Bolt of Magma            Conj/Fire/Erth 12%          16%         5
 Cause Fear               Hex            5%           26%         4
 Metabolic Englaciation   Hex/Ice        8%           38%         5
 Silence                  Hex/Air        5%           56%         5
 Iron Shot                Conj/Erth      16%          38%         6
 Freezing Cloud           Conj/Ice/Air   7%           93%         6
 Shadow Creatures         Summ           N/A          98%         6
 Dragon's Call            Summ           5%           100%        9
 Shatter                  Erth           26%          100%        9


Dungeon Overview and Level Annotations

Branches:
Dungeon (15/15)            Temple (1/1) D:6            Lair (6/6) D:11
 Shoals (0/4) Lair:4       Spider (1/4) Lair:4        Slime (0/5) Lair:6
    Orc (2/2) D:11            Elf (0/3) Orc:2        Vaults (0/5) D:14
 Depths (0/5) D:15

Altars:
Ashenzari
Cheibriados
Dithmenos
Elyvilon
Fedhas
Gozag
Hepliaklqana
Kikubaaqudgha
Makhleb
Nemelex Xobeh
Okawaru
Qazlal
Ru
Sif Muna
Trog
Uskayaw
Vehumet
Wu Jian
Xom
Yredelemnul
Zin
The Shining One
Beogh
Jiyva

Shops:
D:9 *   D:10 ?   D:13 :?   Orc:2 (:?*?   Lair:4 =

Annotations:
D:6 1 runed translucent door


Innate Abilities, Weirdness & Mutations

You are too large for most types of armour.
((You have tough skin. (AC +1)))


Message History

The wolf spider is lightly wounded.
The wolf spider closely misses you.
The wolf spider bites you but does no damage.
The jumping spider pounces on you.
The jumping spider bites you but does no damage.
The jumping spider pounces on you but does no damage.
The jumping spider bites you but does no damage.
The wolf spider hits you but does no damage.
The wolf spider bites you! The jumping spider barely misses you.
The jumping spider misses you.
The jumping spider pounces on you but does no damage.
The jumping spider bites you but does no damage.
You pummel the wolf spider like a punching bag!!!
Your punch misses the wolf spider.
The wolf spider is severely wounded.
You hear an angry hiss.
The wolf spider hits you!!
* * * LOW HITPOINT WARNING * * *
The wolf spider bites you but does no damage.
The jumping spider pounces on you!!
* * * LOW HITPOINT WARNING * * *
The jumping spider bites you but does no damage.
The wolf spider hits you!
* * * LOW HITPOINT WARNING * * *
The wolf spider bites you!
* * * LOW HITPOINT WARNING * * *
The jumping spider leaps!
The jumping spider closely misses you.
The jumping spider bites you but does no damage.
The wolf spider hits you but does no damage.
The wolf spider bites you!
* * * LOW HITPOINT WARNING * * *
Okay, then.
Okay, then.
Okay, then.
Okay, then.
You feel much better.
The orb spider is no longer distracted by gold.
The jumping spider pounces on you!!
You die...
Your body crumbles into a pile of gold.

. ####.............#
..##................#
......##..........^.#
.....###..>........##
##.##.#########.####
.##.#.# #....#.## ..
#.#### ##.##...##
.####...##..##...##.#
..........s....s8...#
...............$s.$.#
..#........##...........
..##.##....##.##...s.....
.....##.##.... #.##..####
...[....# .... ..# ..#
#............ ... ...
#.#..#..#... .... ..##
#........


You could see a wolf spider (berserk), an orb spider and 2 jumping spiders.

Vanquished Creatures
  Saint Roka (Orc:2)
  2 emperor scorpions (Spider:1)
  Nessos (D:12)
  3 dire elephants
  An ettin (Orc:2)
  Josephine (D:9)
  A fire dragon (Lair:6)
  A catoblepas (D:13)
  A vault guard (D:14)
  9 hydras
  5 boulder beetles
  5 centaur warriors
  A two-headed ogre (D:15)
  9 death yaks (Lair:6)
  3 orc high priests (Orc:2)
  Sonja (D:10)
  3 unseen horrors
  7 orc knights
  2 deep elf pyromancers
  An orb spider (Lair:4)
  3 lindwurms (Lair:6)
  3 wolf spiders
  5 manticores
  4 orc sorcerers (Orc:2)
  9 ugly things
  A moth of wrath (Spider:1)
  2 cyclopes
  3 black mambas
  30 elephants
  A guardian serpent (shapeshifter) (D:13)
  Maurice (D:8)
  6 torpor snails
  18 cane toads
  2 centaur zombies (D:13)
  A gargoyle (D:15)
  4 rime drakes
  Maggie (D:8)
  An efreet (D:15)
  11 komodo dragons
  A kobold demonologist (D:13)
  A queen bee (D:14)
  A jumping spider (Spider:1)
  A harpy zombie (D:15)
  4 trolls
  11 hornets
  3 meliai (D:14)
  3 tyrant leeches (Lair:6)
  14 slime creatures
  A meliai zombie (D:13)
  A polar bear (Lair:4)
  Grinder (D:5)
  7 dream sheep (Lair:6)
  33 blink frogs
  A shadow (D:12)
  57 yaks
  4 wyverns
  A vampire (D:10)
  3 tarantellas (Spider:1)
  6 wraiths
  A yak (shapeshifter) (D:14)
  3 steam dragons
  6 vampire mosquitoes
  2 chaos spawn (D:11)
  Grum (D:8)
  The ghost of Zonian the Cutter, an amateur DsGl (D:3)
  2 basilisks
  7 wargs
  An acid dragon (D:13)
  Duvessa (D:6)
  13 water moccasins
  4 ice beasts
  An eye of draining (D:11)
  6 sky beasts
  26 orc warriors
  A necrophage (D:13)
  12 ogres
  23 centaurs
  17 wolves
  5 phantoms
  15 bullfrogs
  A gnoll sergeant (D:10)
  Dowan (D:6)
  A wyvern skeleton (D:10)
  3 scorpions
  18 killer bees
  15 wights
  3 howler monkeys
  3 electric eels (D:10)
  2 bullfrog zombies
  2 quasits
  3 jellies
  5 centaur skeletons
  16 orc priests
  Crazy Yiuf (D:7)
  2 bullfrog skeletons
  5 iguanas
  19 orc wizards
  12 worker ants
  2 killer bee zombies
  A hound zombie (D:6)
  2 hound skeletons
  A howler monkey skeleton (D:11)
  12 adders
  2 white imps
  3 oozes
  An adder skeleton (D:4)
  A worm (D:3)
  A dart slug (D:1)
  5 leopard geckos
  82 orcs
  5 giant cockroaches
  12 goblins
  7 hobgoblins
  4 jackals
  9 quokkas
  6 bats
  6 frilled lizards
  2 jackal skeletons (D:4)
  9 kobolds
  6 rats
  A butterfly (D:5)
758 creatures vanquished.

Vanquished Creatures (others)
  An orc wizard (Orc:2)
  A quokka (D:5)
  A bush (Lair:6)
  45 fungi
  80 plants
128 creatures vanquished.

Grand Total: 886 creatures vanquished

Notes
Turn   | Place    | Note
-------+----------+-------------------------------------------
     0 | D:1      | sahdkjhfkaj the Ogre Transmuter began the quest for the
                  | Orb.
     0 | D:1      | Reached XP level 1. HP: 19/19 MP: 3/3
   169 | D:1      | Reached XP level 2. HP: 28/28 MP: 5/5
   224 | D:1      | Reached skill level 3 in Unarmed Combat
   640 | D:1      | Reached XP level 3. HP: 27/36 MP: 6/6
   718 | D:1      | Learned a level 3 spell: Spider Form
  1501 | D:2      | Found a bloodstained altar of Trog.
  1944 | D:2      | Reached XP level 4. HP: 41/44 MP: 8/8
  2279 | D:2      | Reached skill level 1 in Poison Magic
  2458 | D:3      | Found a hide-covered altar of Uskayaw.
  3164 | D:3      | Found a runed translucent gate.
  3218 | D:3      | Reached XP level 5. HP: 40/52 MP: 5/9
  3356 | D:3      | Found a runed translucent gate.
  3371 | D:3      | Noticed a phantom
  3467 | D:4      | Noticed an ogre
  3481 | D:4      | Killed an ogre
  3482 | D:4      | Reached XP level 6. HP: 39/59 MP: 7/10
  3787 | D:4      | Learned a level 5 spell: Blade Hands
  4430 | D:5      | Entered Level 5 of the Dungeon
  4475 | D:5      | Reached XP level 7. HP: 28/66 MP: 4/11
  4757 | D:5      | Found a sand-covered staircase.
  4816 | D:5      | Noticed Grinder
  5156 | D:5      | Found a white marble altar of Elyvilon.
  5203 | D:5      | Found a shimmering altar of Xom.
  5241 | D:5      | Found a blossoming altar of Fedhas.
  5449 | D:6      | Reached skill level 5 in Transmutations
  5541 | D:6      | Reached skill level 5 in Poison Magic
  5790 | D:6      | Reached XP level 8. HP: 45/74 MP: 6/12
  6227 | D:6      | Found a staircase to the Ecumenical Temple.
  6227 | D:6      | Noticed Dowan
  6227 | D:6      | Noticed Duvessa
  6287 | D:6      | Killed Duvessa
  6435 | D:6      | Killed Dowan
  6453 | Temple   | Entered the Ecumenical Temple
  6795 | Temple   | Became a worshipper of Gozag Ym Sagoz the Greedy
  6959 | D:6      | Reached skill level 4 in Unarmed Combat
  7234 | D:6      | Found a glowing silver altar of Zin.
  7234 | D:6      | Found a runed translucent door.
  7234 | D:6      | Noticed an angel
  7507 | D:7      | Found a stormy altar of Qazlal.
  7509 | D:7      | Noticed a water elemental
  7510 | D:7      | Noticed an air elemental
  7733 | D:7      | Reached skill level 5 in Fighting
  8222 | D:7      | Found a runed translucent door.
  8223 | D:7      | Noticed Crazy Yiuf
  8640 | D:7      | Paralysed by Crazy Yiuf for 4 turns
  8648 | D:7      | Killed Crazy Yiuf
  8649 | D:7      | Reached XP level 9. HP: 45/89 MP: 6/13
  8926 | D:8      | Noticed Maurice
  8952 | D:8      | Killed Maurice
  8953 | D:8      | Reached skill level 5 in Dodging
  8953 | D:8      | Reached skill level 5 in Unarmed Combat
  8980 | D:8      | Noticed Maggie
  9291 | D:8      | Killed Maggie
  9985 | D:8      | Reached XP level 10. HP: 102/102 MP: 12/14
 10245 | D:8      | Noticed Grum
 10255 | D:8      | Killed Grum
 10257 | D:8      | Reached skill level 1 in Ice Magic
 10436 | D:8      | Learned a level 4 spell: Ice Form
 10496 | D:9      | Found a flagged portal.
 10516 | D:9      | You fall into a shaft and drop 3 floors!
 10565 | D:12     | Noticed Nessos
 10572 | D:12     | Killed Nessos
 10573 | D:12     | Reached XP level 11. HP: 108/109 MP: 10/17
 10773 | D:12     | Noticed a cyan ugly thing
 10791 | D:12     | Killed a cyan ugly thing
 10998 | D:12     | Reached skill level 5 in Spellcasting
 11233 | D:12     | Reached skill level 6 in Unarmed Combat
 12064 | D:11     | Found the +7 mace of Variability {chain chaos}
 12065 | D:11     | Found a shimmering altar of Xom.
 12080 | D:11     | Found a staircase to the Orcish Mines.
 12153 | D:10     | Entered Level 10 of the Dungeon
 12176 | D:9      | Learned a level 6 spell: Statue Form
 12579 | D:9      | Reached skill level 1 in Earth Magic
 12871 | D:9      | Found a glowing silver altar of Zin.
 13226 | D:9      | Found Cuuz's Assorted Antiques.
 14058 | D:10     | Noticed an unseen horror
 14078 | D:10     | Killed an unseen horror
 14228 | D:10     | Found a runed translucent door.
 14496 | D:10     | Noticed Sonja
 14500 | D:10     | Killed Sonja
 14501 | D:10     | Reached skill level 5 in Earth Magic
 14806 | D:10     | Noticed Josephine
 15003 | D:9      | Killed Josephine
 15156 | D:10     | Reached XP level 12. HP: 102/122 MP: 15/19
 15235 | D:10     | Found Fuz Olai's Magic Scroll Boutique.
 15384 | D:10     | Found a runed translucent door.
 17222 | D:11     | Found a staircase to the Lair.
 19298 | D:12     | Reached skill level 10 in Earth Magic
 19858 | Lair:1   | Entered Level 1 of the Lair of Beasts
 21841 | Lair:2   | Reached XP level 13. HP: 130/130 MP: 13/21
 25363 | Lair:4   | Reached skill level 10 in Spellcasting
 25397 | Lair:4   | Reached skill level 7 in Unarmed Combat
 25623 | Lair:4   | Found a staircase to the Shoals.
 25907 | Lair:4   | Learned a level 4 spell: Petrify
 25930 | Lair:4   | Reached skill level 10 in Fighting
 26372 | Lair:4   | Reached skill level 8 in Unarmed Combat
 26658 | Lair:4   | Found a hole to the Spider Nest.
 27408 | Lair:5   | Reached XP level 14. HP: 143/143 MP: 22/28
 27480 | Lair:5   | Reached skill level 9 in Unarmed Combat
 27774 | Lair:5   | Identified a scroll of acquirement
 27774 | Lair:5   | Acquired 620 gold pieces
 27796 | Lair:5   | Reached skill level 10 in Unarmed Combat
 28516 | Lair:6   | Entered Level 6 of the Lair of Beasts
 29043 | Lair:6   | Reached skill level 11 in Unarmed Combat
 29378 | Lair:6   | Found a runed translucent door.
 29629 | Lair:6   | Reached skill level 12 in Unarmed Combat
 30459 | Lair:6   | Reached XP level 15. HP: 150/150 MP: 20/29
 30532 | Lair:6   | Found a viscous altar of Jiyva.
 30532 | Lair:6   | Found a staircase to the Slime Pits.
 30542 | Lair:6   | Reached skill level 13 in Unarmed Combat
 31023 | Lair:6   | Reached skill level 14 in Unarmed Combat
 31945 | D:5      | Killed Grinder
 32081 | D:3      | Found a broken altar of Ashenzari.
 32165 | D:3      | Noticed Zonian's ghost (amateur DsGl)
 32166 | D:3      | Found a runed translucent gate.
 32166 | D:3      | Identified the +6 hand axe of Quybbu {flame, rN++ Will-
                  | Stlth+}
 32170 | D:3      | Found a roughly hewn altar of Beogh.
 32356 | D:3      | Killed Zonian's ghost
 33350 | Lair:6   | Got a coiled iron ring
 33352 | Lair:6   | Identified the ring "Jatsie" {*Drain rC+ Str+3 SInv} (You
                  | found it on level 6 of the Lair of Beasts)
 33579 | D:13     | Found Qikhlef's Magic Scroll Shoppe.
 34361 | D:13     | Bought a book of the Dragon for 1620 gold pieces
 34369 | D:13     | Learned a level 7 spell: Dragon Form
 35156 | D:14     | Reached skill level 15 in Unarmed Combat
 35156 | D:14     | Reached XP level 16. HP: 162/162 MP: 24/30
 35811 | D:14     | Found a gate to the Vaults.
 36091 | D:15     | Entered Level 15 of the Dungeon
 36495 | D:15     | Got a faintly humming tower shield
 36500 | D:15     | Identified the +0 tower shield "Sasut" {-Cast Rampage rF+++
                  | Int-3} (You found it on level 15 of the Dungeon)
 36808 | D:15     | Found a staircase to the Depths.
 37823 | Orc:1    | Entered Level 1 of the Orcish Mines
 37838 | Orc:1    | Reached skill level 16 in Unarmed Combat
 38480 | Orc:2    | Entered Level 2 of the Orcish Mines
 38884 | Orc:2    | Found a staircase to the Elven Halls.
 39050 | Orc:2    | Found a roughly hewn altar of Beogh.
 39217 | Orc:2    | Noticed Saint Roka
 39220 | Orc:2    | Bought a book of Dreams for 975 gold pieces
 39232 | Orc:2    | Killed Saint Roka
 39522 | Orc:2    | Found Wiagiakuto's Magic Scroll Shoppe.
 39528 | Orc:2    | Reached skill level 1 in Evocations
 40078 | Orc:2    | Found Pyload's General Store.
 40087 | Orc:2    | Found Lutipery's Magic Scroll Shop.
 40089 | Orc:2    | Found Cisuhaol's Weapon Shoppe.
 40500 | Lair:4   | Bought the ring "Faimam" {Wiz rPois rC+ Int+2} for 943 gold
                  | pieces
 40517 | Spider:1 | Entered Level 1 of the Spider Nest
 40771 | Spider:1 | HP: 1/217 [wolf spider (13)]
 40772 | Spider:1 | Slain by a jumping spider

Illustrated notes

Levels and vault maps discovered:
D:1:      lemuel_arrival_lava_pool, layout_basic, minmay_bisected
D:2:      layout_loops_ring, old_standard_altar, serial_glass, glass_columns_a,
          glass_columns_b, glass_columns_a
D:3:      layout_rooms, eat_drink_and_be_merry_uskayaw,
          cheibrodos_ashenzari_chains, biasface_ghost_orc_armoury,
          kennysheep_generic_room_12
D:4:      layout_cave_pools, serial_bayou, serial_bayou_pond_e,
          serial_bayou_pond_a, serial_bayou_crossing, serial_bayou_lagoon_a
D:5:      layout_rooms, elyvilon_altar_4, xom_butterflies, marbit_many_paths,
          chequers_ossuary_entry_cave, chequers_serial_rivers_small_b,
          uniq_grinder
D:6:      layout_basic, minmay_temple_entry_drinking_statues,
          lemuel_angel_altar, uniq_duvessa
D:7:      layout_loops_ring, nicolae_qazlal_style_of_elements,
          uniq_crazy_yiuf_cottage
D:8:      cheibrodos_steamvent, layout_rooms, uniq_grum, uniq_maurice,
          uniq_maggie
D:9:      layout_layer_cave, kennysheep_mini, enter_bailey_5, serial_shops, shop
D:10:     cheibrodos_histonic, layout_basic, serial_shops,
          nicolae_shop_window_shopping, kennysheep_little_box, minivault_25,
          nicolae_ru_the_path_less_chosen, uniq_sonja, uniq_josephine
D:11:     layout_loops_cross, erik_lair_orcish_takeover,
          chequers_serial_rivers_small_3, minmay_guarded_unrand_variability
D:12:     layout_irregular_city, gauntlet_entry_generic, uniq_nessos
D:13:     layout_rooms, serial_shops, nicolae_shop_statue_plus
D:14:     layout_basic, david_vaults_5, hangedman_decor_riveting, special_room
          [special_room_bee], corexii_checkpoint_b
D:15:     hangedman_depths_entry_try_elsewhere_first, layout_stronghold,
          hangedman_decor_points
Temple:   regret_index_temple_generic_petals
Lair:1:   layout_layer_cave
Lair:2:   layout_cave_pods, grunt_megastairs_2, lemuel_fruit_fields,
          infiniplex_staircase_pool_2
Lair:3:   layout_loops_ring
Lair:4:   layout_cave_shapes, shoals_dummy_entry,
          nicolae_spider_entry_orb_guardian, serial_bayou_shore_a,
          lemuel_fruit_fields, grunt_megastairs_1
Lair:5:   layout_small_grid
Lair:6:   hangedman_lair_in_review, layout_misc_corridors, wormcave,
          slime_altar_1, infiniplex_staircase_pool
Spider:1: layout_chambers, hangedman_spider_tarantella_strand
Orc:1:    layout_diamond_mine
Orc:2:    st_orc_elflike, layout_caves, minmay_orc_temple_a, uniq_saint_roka

Skill      XL: |  1  2  3  4  5  6  7  8  9 10 11 12 13 14 15 16 |
---------------+-------------------------------------------------+-----
Fighting       | 2 5 7 8 10 11 12 | 12.5
Unarmed Combat | 3 4 5 6 8 12 15 16 | 16.0
Transmutations | 2 3 4 5 11 12 | 12.0
Poison Magic   | 1 2 4 5 |  5.0
Spellcasting   | 3 4 5 10 | 10.0
Dodging        | 2 4 5 6 |  6.0
Ice Magic      | 2 3 |  3.0
Earth Magic    | 6 11 | 11.0
Evocations     | 4 |  4.8

Action                   |  1- 3 |  4- 6 |  7- 9 | 10-12 | 13-15 | 16-18 || total
-------------------------+-------+-------+-------+-------+-------+-------++-------
Melee: Unarmed           |   123 |   162 |   257 |   501 |   929 |   378 ||  2350
       Headbutt          |       |     1 |       |       |       |       ||     1
       Punch             |       |       |       |     9 |    48 |    20 ||    77
       Tailslap          |       |       |       |       |       |     1 ||     1
       Bite              |       |       |       |       |       |     1 ||     1
Throw: Dart              |       |       |       |     3 |       |       ||     3
 Cast: Spider Form       |     1 |    12 |    33 |     1 |       |       ||    47
       Beastly Appendage |       |     1 |       |       |       |       ||     1
       Blade Hands       |       |       |       |    67 |     3 |       ||    70
       Ice Form          |       |       |       |     5 |     7 |       ||    12
       Statue Form       |       |       |       |     4 |    71 |    36 ||   111
       Petrify           |       |       |       |       |    16 |       ||    16
       Dragon Form       |       |       |       |       |       |     2 ||     2
Invok: Call Merchant     |       |       |       |       |     1 |     2 ||     3
 Abil: End Transformatio |       |       |       |     2 |     3 |       ||     5
Evoke: Wand              |       |       |       |     2 |       |       ||     2
  Use: Scroll            |     4 |     1 |    11 |     6 |    10 |     2 ||    34
       Potion            |       |       |     1 |     1 |       |     1 ||     3
 Stab: Sleeping          |     1 |       |     1 |       |       |       ||     2
       Paralysed         |       |       |       |     5 |       |       ||     5
       Distracted        |       |       |       |     1 |     1 |     3 ||     5
       Petrified         |       |       |       |       |    26 |       ||    26
Armor: Robe              |    28 |    19 |    11 |    78 |     8 |     5 ||   149
       Skin              |       |     4 |     4 |    26 |   916 |   316 ||  1266
Dodge: Dodged            |    61 |    95 |   182 |   275 |   805 |   289 ||  1707
       Repelled          |       |       |       |     2 |     1 |       ||     3

Table legend: (Time is in decaauts)
 A = Elapsed time spent in this place.
 B = Non-inter-level travel time spent in this place.
 C = Inter-level travel time spent in this place.
 D = Time resting spent in this place.
 E = Time spent auto-exploring this place.
 F = Levels seen in this place.
 G = Mean time per level.
                   A        B        C        D        E       F      G
               +--------+--------+--------+--------+--------+-----+--------+
         Total |  43061 |  41059 |   2002 |   1074 |  34111 |  25 | 1722.4 |
       Dungeon |  25342 |  24382 |    960 |   1028 |  19911 |  15 | 1689.5 |
        Temple |    381 |    318 |     63 |      0 |    315 |   1 |  381.0 |
          Lair |  14312 |  13414 |    898 |     46 |  11545 |   6 | 2385.3 |
   Spider Nest |    310 |    310 |      0 |      0 |    264 |   1 |  310.0 |
  Orcish Mines |   2714 |   2633 |     81 |      0 |   2074 |   2 | 1357.0 |
               +--------+--------+--------+--------+--------+-----+--------+

Top non-repeatable levels by time:
  Lair:6: 3810 daAuts
    D:11: 3023 daAuts
    D:12: 2691 daAuts
     D:9: 2372 daAuts
  Lair:5: 2276 daAuts
  Lair:3: 2221 daAuts
  Lair:4: 2106 daAuts
    D:10: 2061 daAuts
  Lair:1: 2042 daAuts
   Orc:2: 1938 daAuts
    D:15: 1871 daAuts
  Lair:2: 1855 daAuts
     D:6: 1783 daAuts
     D:7: 1478 daAuts
     D:8: 1460 daAuts
